cohdb
Replays
Latest Replays
All Replays
Popular Replays
Top Player Replays
Match Explorer
How It Works
Community
CoH3 Stats
Reddit
Sign in to upload your games and track your stats! →
Sign in with Steam
Match 38411005
Unlisted
Match 38411005
Overview
Messages
Build Orders
End
Royal Engineer Section
Selects Australian Defense Battlegroup
Selects Australian Light Infantry Section
Australian Light Infantry Section
Australian Light Infantry Section
Construct Section Command Post
Construct Section Command Post
Vickers Machine Gun Team
Construct Platoon Command Post
Selects CMP 15cwt Supply Run
Humber Armored Car
6-pounder Anti-tank Gun Team
Infantry Section
Infantry Section
Selects 2-pounder Anti-tank Gun Team
Infantry Section
Grenade Package
Selects Hold the Line!
BIOHAZARD
Sauzer88
T.R. Olvadi
N
0
0
Comments
sign in to comment!
No comments posted yet!